 Dungeon Crawl Stone Soup version 0.13-a0-2236-g7be3fc8 (webtiles) character file.

51 4tharraofdagon the Firebug (level 1, -1/10 HPs)
             Began as a Kobold Fire Elementalist on July 4, 2013.
             Slain by a kobold
             ... wielding a +2,+0 elven short sword
              (6 damage)
             ... on Level 1 of the Dungeon.
             The game lasted 00:00:34 (62 turns).

4tharraofdagon the Firebug (Kobold Fire Elementalist) Turns: 62, Time: 00:00:34

HP  -1/10        AC  2     Str  7      XL: 1   Next: 22%
MP   2/3         EV 15     Int 13      God:
Gold 50          SH  0     Dex 15      Spells:  1 memorised,  1 level left

Res.Fire  : . . .   See Invis. : .   (no weapon)
Res.Cold  : . . .   Warding    : .   a - +0 robe
Life Prot.: . . .   Conserve   : .   (no shield)
Res.Poison: .       Res.Corr.  : .   (no helmet)
Res.Elec. : .       Clarity    : .   (no cloak)
Sust.Abil.: . .     Spirit.Shd : .   (no gloves)
Res.Mut.  : .       Stasis     : .   (no boots)
Res.Rott. : .       Flight     : .   (no amulet)
Saprovore : + + .                    (no ring)
                                     (no ring)

@: not resistant to hostile enchantments, stealthy
A: disease resistance, carnivore 3, saprovore 2
a: no special abilities


You were on level 1 of the Dungeon.
You were not hungry.

You visited 1 branch of the dungeon, and saw 1 of its levels.

You collected 30 gold pieces.

Inventory:

Armour
 a - a +0 robe (worn)
 e - a +0 elven leather armour
Comestibles
 c - a meat ration
Potions
 d - a potion of brilliance {unknown}
Books
 b - a book of Flames

   Spells                             Type                      Level
   *Flame Tongue                      Conjuration/Fire             1
   Throw Flame                        Conjuration/Fire             2
   Conjure Flame                      Conjuration/Fire             3
   Inner Flame                        Hexes/Fire                   3
   Sticky Flame                       Conjuration/Fire             4
   Fireball                           Conjuration/Fire             5


   Skills:
 - Level 2.4 Dodging
 - Level 2.6 Stealth
 + Level 1.0 Spellcasting
 * Level 1.0 Conjurations
 * Level 3.0 Fire Magic


You had one spell level left.
You knew the following spells:

 Your Spells              Type           Power        Failure   Level  Hunger
a - Flame Tongue          Conj/Fire      #....        14%         1    ##.....


Dungeon Overview and Level Annotations

Branches:
Dungeon (1/27)

Altars:


Innate Abilities, Weirdness & Mutations

You recuperate from illness quickly.
You are small and have problems with some larger weapons.
You are carnivorous and can eat meat at any time.
You can eat rotten meat.


Message History

A kobold comes into view. It is wielding a whip.
The kobold shouts!
The kobold throws a dart.
The dart hits you!
Things that are here:
a dart; an elven leather armour
There are several objects here.
Pick up a dart? ((y)es/(n)o/(a)ll/(m)enu/*?g,/q) Pick up an elven leather armour? ((y)es/(n)o/(a)ll/(m)enu/*?g,/q)
Okay, then.
Unknown command.
There are several objects here.
Pick up a dart? ((y)es/(n)o/(a)ll/(m)enu/*?g,/q) Pick up an elven leather armour? ((y)es/(n)o/(a)ll/(m)enu/*?g,/q)
e - an elven leather armour The kobold throws a dart.
The dart hits you!
The kobold throws a dart.
The dart hits you!
You see here a dart.
The kobold hits you with an elven short sword.
Ouch! That really hurt!
You die...

#.######.###..#
#.#....'''....#
#...#########.#
##.#.#...)%%.#.#
#....#)≈≈≈≈≈)#.#####.###
.#(###.#.≈≈≈≈≈.#.(........
... ##.#%≈≈≈≈X.#(#####K###
##.##..#.......#.K.....#
#....#########@#######
##.>...........#
###.....##.##.#
#.#.#.##.##.#
#.#......##.#
#.###.##.##.#
#.....##.##.#
########.##.. #.####


You could see 2 kobolds and a neutral kraken.

Vanquished Creatures
  A bat (D:1)
1 creature vanquished.

Vanquished Creatures (others)
  2 ghouls (D:1)
  A minotaur (D:1)
  An octopode (D:1)
  A vampire (D:1)
  An elf (D:1)
  A draconian (D:1)
  A dwarf (D:1)
  A centaur (D:1)
  2 nagas (D:1)
  An orc (D:1)
  3 kobolds (D:1)
  5 tentacles (D:1)
  28 tentacle segments (D:1)
48 creatures vanquished.

Grand Total: 49 creatures vanquished

Notes
Turn   | Place    | Note
--------------------------------------------------------------
     0 | D:1      | 4tharraofdagon, the Kobold Fire Elementalist, began the quest for the Orb.
     0 | D:1      | Reached XP level 1. HP: 10/10 MP: 3/3
     2 | D:1      | Noticed a naga
     2 | D:1      | Noticed a naga
     2 | D:1      | Noticed a minotaur
     2 | D:1      | Noticed a dwarf
     2 | D:1      | Noticed a ghoul
     2 | D:1      | Noticed a ghoul
     2 | D:1      | Noticed an elf
     2 | D:1      | Noticed a kraken
     2 | D:1      | Noticed a vampire
     2 | D:1      | Noticed a draconian
     2 | D:1      | Noticed a centaur
     2 | D:1      | Noticed an octopode
     3 | D:1      | Killed a naga
     4 | D:1      | Killed a naga
     4 | D:1      | Killed an elf
     5 | D:1      | Killed an octopode
     9 | D:1      | Killed a minotaur
     9 | D:1      | Killed a ghoul
    10 | D:1      | Killed a centaur
    11 | D:1      | Killed a draconian
    12 | D:1      | Killed a dwarf
    14 | D:1      | Killed a vampire
    14 | D:1      | Killed a ghoul
    42 | D:1      | Reached skill level 1 in Conjurations
    62 | D:1      | Slain by a kobold

Action                   || total
-------------------------++-------
Melee: Unarmed           ||     4
 Cast: Flame Tongue      ||     2
